 Dungeon Crawl Stone Soup version 0.26-a0-962-g9b92081034 (webtiles) character file.

Game seed: 6631779014340804633

486 Doompeanut the Digger (level 7, 0/36 HPs)
             Began as a Gargoyle Earth Elementalist on Dec 2, 2020.
             Slain by a lemure (3 damage)
             ... led by Pikel
             ... on level 3 of the Dungeon.
             The game lasted 00:41:45 (5478 turns).

Doompeanut the Digger (Gargoyle Earth Elementalist) Turns: 5478, Time: 00:41:46

Health: 0/36       AC:  9    Str: 11    XL:     7   Next: 13%
Magic:  2/12       EV: 12    Int: 18    God:
Gold:   152        SH:  0    Dex: 10    Spells: 9/12 levels left

rFire    . . .     SeeInvis .   o - +0 short sword
rCold    . . .     Faith    .   (no shield)
rNeg     + . .     Spirit   .   J - +0 leather armour
rPois    ∞         Reflect  .   x - +1 helmet
rElec    +         Harm     .   (no cloak)
rCorr    .         Rampage  .   (no gloves)
MR       .....                  (no boots)
Stlth    ++........             (no amulet)
HPRegen  0.12/turn              R - ring of flight
MPRegen  0.13/turn              (no ring)

@: no status effects
A: negative energy resistance 1, electricity resistance, unbreathing,
petrification resistance, rot immunity, AC +4
a: Evoke Flight


You were on level 3 of the Dungeon.
You visited 1 branch of the dungeon, and saw 4 of its levels.

You collected 152 gold pieces.

Inventory:

Hand Weapons
 d - a +0 dagger
 f - a +0 hunting sling
 g - a +0 club
 h - a +0 club
 j - a +0 club
 k - a +0 club
 l - a +0 club
 o - a +0 short sword (weapon)
 q - a +0 spear
 r - a +0 spear
 s - a +0 halberd
 t - a +0 whip
 u - a +0 club
 v - a +0 whip
 y - a +0 dagger
 z - a +0 dagger
 A - a +0 hunting sling
 B - a +0 club
 C - a +0 club
 D - a +0 club
 E - a +0 club
 H - a +2 flail of protection
 I - a +0 hand axe
 K - a cursed -2 battleaxe
 O - a +0 dagger of speed
Missiles
 b - 5 stones (quivered)
 p - 26 bolts
Armour
 c - a +0 robe
 w - a +0 animal skin
 x - a +1 helmet (worn)
 J - a +0 leather armour (worn)
 P - a +2 scale mail of magic resistance
Jewellery
 R - a ring of flight (left hand)
 S - an uncursed amulet of guardian spirit
Scrolls
 a - a scroll of random uselessness {unknown}
 e - 2 scrolls of remove curse {unknown}
 i - a scroll of teleportation {unknown}
 n - 4 scrolls of identify {unknown}
 L - 2 scrolls of enchant weapon {unknown}
Potions
 m - 4 potions of curing {unknown}
 F - a potion of lignification {unknown}
 G - a potion of attraction {unknown}
 M - 2 potions of heal wounds {unknown}
 N - a potion of ambrosia {unknown}
 Q - a potion of haste {unknown}


   Skills:
 + Level 3.0 Dodging
 + Level 4.3 Stealth
 + Level 3.4 Spellcasting
 + Level 2.6 Transmutations
 + Level 5.2 Earth Magic


You had 9 spell levels left.
You knew the following spells:

 Your Spells              Type           Power        Failure   Level
a - Sandblast             Erth           ###...       2%          1
b - Blink                 Tloc           N/A          30%         2

Your spell library contained the following spells:

 Spells                   Type           Power        Failure   Level
 Passwall                 Tmut/Erth      ###.....     6%          2
 Magic Dart               Conj           #...         21%         1
 Stone Arrow              Conj/Erth      ##....       21%         3
 Call Imp                 Summ           #.......     30%         2
 Slow                     Hex            #.......     30%         2
 Petrify                  Tmut/Erth      ###.....     36%         4
 Conjure Flame            Conj/Fire      #.......     52%         3
 Mephitic Cloud           Conj/Pois/Air  #.......     52%         3
 Lee's Rapid Deconstruct  Erth           ###.......   54%         5


Dungeon Overview and Level Annotations

Branches:
Dungeon (4/15)
 Temple: D:4-7

Altars:
Zin

Shops:
D:2 *

Annotations:
D:3 Pikel


Innate Abilities, Weirdness & Mutations

You are resistant to torment.
Your stone body is resilient. (AC +4)
You are immune to poison.
You resist negative energy. (rN+)
You are resistant to electric shocks. (rElec)
You can survive without breathing.
You are immune to petrification.
You are immune to rotting.


Message History

Aiming: Sandblast (safe; 2% risk of failure)
Press: ? - help, Shift-Dir - straight line, f/p - lemure
Aim: a lemure (almost dead, 24% to evade)
The blast of sand hits the lemure.
You kill the lemure!
That felt strangely unrewarding.
b - 6 stones The lemure hits you.
* * * LOW HITPOINT WARNING * * *
Pikel hits you but does no damage.
Casting: Sandblast (safe; 2% risk of failure)
Confirm with . or Enter, or press ? or * to list all spells.
Aiming: Sandblast (safe; 2% risk of failure)
Press: ? - help, Shift-Dir - straight line, f - lemure
Aim: a lemure (24% to evade)
The blast of sand hits the lemure.
The lemure is lightly wounded.
b - 5 stones The lemure hits you.
You die...

######## #######
#......# #...@)#
#......# #####..K5.#
#....†.# #####.........#
####..##
#####.....###.....#
##..# ..##..#####
#.....# ##.#
..........######.#######
#..
#.......#..............#
###
#.#####......###..###..#
# ..# ######..###..#..##


You could see Pikel and a lemure.

Vanquished Creatures
  An ogre (D:4)
  2 lemures
  A howler monkey (D:3)
  2 orc wizards (D:3)
  2 bullfrog skeletons
  Robin (D:2)
  8 gnolls
  4 adders
  A white imp (D:4)
  An ooze (D:3)
  2 adder skeletons (D:4)
  A worm (D:3)
  2 dart slugs
  A leopard gecko (D:1)
  10 orcs
  10 bats
  5 giant cockroaches
  17 goblins
  8 hobgoblins
  6 jackals
  2 quokkas
  6 frilled lizards
  A jackal skeleton (D:4)
  4 kobolds
  6 rats
104 creatures vanquished.

Notes
Turn   | Place    | Note
-------+----------+-------------------------------------------
     0 | D:1      | Doompeanut the Gargoyle Earth Elementalist began the quest
                  | for the Orb.
     0 | D:1      | Reached XP level 1. HP: 10/10 MP: 3/3
   245 | D:1      | Reached skill level 1 in Transmutations
   245 | D:1      | Reached XP level 2. HP: 15/15 MP: 3/5
   803 | D:1      | Reached XP level 3. HP: 19/19 MP: 4/6
  1076 | D:1      | Reached skill level 4 in Earth Magic
  1180 | D:2      | Noticed Robin
  1675 | D:2      | Reached XP level 4. HP: 20/24 MP: 3/7
  1875 | D:2      | Found Zin's Purification Station.
  1888 | D:2      | Found a glowing silver altar of Zin.
  2176 | D:2      | Killed Robin
  2611 | D:2      | Reached XP level 5. HP: 28/28 MP: 7/9
  3876 | D:3      | Reached XP level 6. HP: 32/32 MP: 6/10
  4297 | D:3      | Learned a level 2 spell: Blink
  4325 | D:3      | Reached skill level 5 in Earth Magic
  4959 | D:4      | Reached XP level 7. HP: 36/36 MP: 7/12
  5341 | D:4      | Noticed Pikel
  5478 | D:3      | Slain by a lemure

Illustrated notes

Levels and vault maps discovered:
D:1:      evilmike_arrival_hilbert_curve, layout_basic
D:2:      layout_basic, zin_purify, uniq_robin
D:3:      layout_rooms, minmay_misc_feat_alley
D:4:      layout_basic, lightli_ossuary_entry_decrepit_ruins, uniq_pikel

Skill      XL: |  1  2  3  4  5  6 |
---------------+-------------------+-----
Transmutations | 1 2 |  2.6
Earth Magic    | 4 5 |  5.2
Dodging        | 2 3 |  3.0
Stealth        | 3 4 |  4.3
Spellcasting   | 3 |  3.4

Action                   |  1- 3 |  4- 6 |  7- 9 || total
-------------------------+-------+-------+-------++-------
Melee: Short sword       |    14 |    13 |       ||    27
Throw: Stone             |     1 |       |       ||     1
 Cast: Sandblast         |    51 |   121 |    38 ||   210
       Blink             |       |     1 |       ||     1
Armor: Robe              |    24 |    21 |       ||    45
       Leather armour    |       |    21 |    10 ||    31
Dodge: Dodged            |    40 |    87 |    26 ||   153

Table legend: (Time is in decaauts)
 A = Elapsed time spent in this place.
 B = Non-inter-level travel time spent in this place.
 C = Inter-level travel time spent in this place.
 D = Time resting spent in this place.
 E = Time spent auto-exploring this place.
 F = Levels seen in this place.
 G = Mean time per level.
                   A        B        C        D        E       F      G
               +--------+--------+--------+--------+--------+-----+--------+
         Total |   5491 |   5086 |    405 |   1859 |   2246 |   4 | 1372.8 |
       Dungeon |   5491 |   5086 |    405 |   1859 |   2246 |   4 | 1372.8 |
               +--------+--------+--------+--------+--------+-----+--------+

Top non-repeatable levels by time:
     D:1: 1942 daAuts
     D:2: 1555 daAuts
     D:3: 1211 daAuts
     D:4: 782 daAuts
